 Dungeon Crawl Stone Soup version 0.29-a0-284-gf9362112df (webtiles) character file.

Game seed: 16345060185553992422

606 sammy202020 the Skirmisher (level 7, -5/44 HPs)
             Began as a Gargoyle Berserker on Mar 21, 2022.
             Was a Believer of Trog.
             Shot with an arrow by a centaur (8 damage)
             ... on level 5 of the Dungeon.
             The game lasted 00:05:04 (3764 turns).

sammy202020 the Skirmisher (Gargoyle Berserker)     Turns: 3764, Time: 00:05:05

Health: -5/44      AC: 13    Str: 21    XL:     7   Next: 42%
Magic:  7/7        EV: 10    Int:  9    God:    Trog [**....]
Gold:   183        SH:  0    Dex:  9    Spells: 6/6 levels left

rFire   . . .      SeeInvis .   g - +0 flail (venom)
rCold   . . .      Faith    .   (no shield)
rNeg    + . .      Spirit   .   o - +0 scale mail
rPois   ∞          Reflect  .   (no helmet)
rElec   +          Harm     .   (no cloak)
rCorr   .          Rampage  .   c - +0 pair of gloves
Will    ++...                   (no boots)
Stlth   ..........              (no amulet)
HPRegen 1.14/turn               (no ring)
MPRegen 0.10/turn               (no ring)

@: strong-willed, regenerating
A: sickness immunity, AC +4, negative energy resistance 1, electricity
resistance, torment resistance 1, petrification resistance
a: Renounce Religion, Berserk, Trog's Hand


You were on level 5 of the Dungeon.
You worshipped Trog.
Trog was pleased with you.
You visited 1 branch of the dungeon, and saw 5 of its levels.

You collected 183 gold pieces.

Inventory:

Hand Weapons
 g - a +0 flail of venom (weapon)
 n - a +0 whip of electrocution
 p - a +0 hand axe
Missiles
 j - 4 boomerangs (quivered)
 k - 11 poisoned darts
Armour
 c - a +0 pair of gloves (worn)
 o - a +0 scale mail (worn)
Wands
 f - a wand of flame (18)
Potions
 d - 4 potions of brilliance
 l - 2 potions of curing
 m - a potion of attraction {unknown}
 q - a potion of haste {unknown}
 r - a potion of flight {unknown}


   Skills:
 * Level 5.5 Fighting
 * Level 5.1 Maces & Flails
 * Level 5.0 Armour
 + Level 2.8 Dodging


You had 6 spell levels left.
You didn't know any spells.
Your spell library was empty.

Dungeon Overview and Level Annotations

Branches:
Dungeon (5/15)
 Temple: D:4-7

Altars:
Sif Muna


Innate Abilities, Weirdness & Mutations

You are immune to sickness and miasma.
Your stone body is resilient. (AC +4)
You are immune to poison.
You resist negative energy. (rN+)
You are resistant to electric shocks. (rElec)
You are resistant to unholy torment.
You are immune to petrification.


Message History

An ice beast is nearby!
You hit the ice beast.
The ice beast is poisoned.
The ice beast is lightly wounded.
The ice beast hits you but does no damage.
You closely miss the ice beast.
The ice beast is moderately wounded.
The ice beast hits you but does no damage. x2
You hit the ice beast but do no damage.
The ice beast looks as sick as possible!
The ice beast is moderately wounded.
The ice beast barely misses you.
You sock the ice beast!
You kill the ice beast!
Trog accepts your kill.
Your Armour skill increases to level 5!
A centaur comes into view.
Unknown command.
A centaur is nearby!
You are too injured to fight recklessly!
You are too injured to fight recklessly!
You are too injured to fight recklessly!
You are too injured to fight recklessly!
The centaur shouts!
The centaur wields a +0 shortbow.
The centaur shoots an arrow.
The arrow closely misses you.
The centaur shoots an arrow.
The arrow hits you but does no damage.
The centaur shoots an arrow.
The arrow hits you but does no damage.
The centaur shoots an arrow.
The arrow hits you!
* * * LOW HITPOINT WARNING * * *
The centaur shoots an arrow.
The arrow hits you.
* * * LOW HITPOINT WARNING * * *
The centaur shoots an arrow.
The arrow hits you.
* * * LOW HITPOINT WARNING * * *
The centaur shoots an arrow.
The arrow hits you.
* * * LOW HITPOINT WARNING * * *
Your skin crawls.
You feel strong-willed.
The centaur shoots an arrow.
The arrow completely misses you.
The centaur shoots an arrow.
The arrow hits you!
You die...

... ... ..#
#c# #.# #.#
###.####
#..@...#
#......#
#......##.#..
###..........
#..####.###
#.)#..# .
#..#..#
#..#..#
#..#..#


You could see a centaur.

Vanquished Creatures
  Grinder (D:3)
  An ice beast (D:5)
  An ogre (D:4)
  Blork the orc (D:5)
  2 jellies (D:5)
  An iguana (D:4)
  2 adders (D:2)
  3 worms
  3 dart slugs
  8 orcs
  4 endoplasms
  5 giant cockroaches
  4 goblins
  5 hobgoblins
  2 quokkas (D:1)
  6 ball pythons
  6 bats
  4 frilled lizards
  4 kobolds
  3 rats
66 creatures vanquished.

Notes
Turn   | Place    | Note
-------+----------+-------------------------------------------
     0 | D:1      | sammy202020 the Gargoyle Berserker began the quest for the
                  | Orb.
     0 | D:1      | Reached XP level 1. HP: 14/14 MP: 1/1
   114 | D:1      | Reached XP level 2. HP: 10/19 MP: 2/2
   334 | D:1      | HP: 1/28 [quokka (1)]
   788 | D:1      | Found a faded altar of an unknown god.
   824 | D:1      | Reached XP level 3. HP: 23/23 MP: 3/3
  1036 | D:2      | Reached ** piety under Trog
  1455 | D:2      | Reached XP level 4. HP: 25/29 MP: 4/4
  1848 | D:3      | Noticed Grinder
  1864 | D:3      | Killed Grinder
  1865 | D:3      | Reached XP level 5. HP: 8/34 MP: 5/5
  1865 | D:3      | Reached XP level 6. HP: 9/39 MP: 6/6
  2712 | D:4      | Reached skill level 5 in Fighting
  3349 | D:4      | Found a shimmering blue altar of Sif Muna.
  3522 | D:5      | Entered Level 5 of the Dungeon
  3556 | D:5      | Reached XP level 7. HP: 28/44 MP: 7/7
  3721 | D:5      | Noticed Blork the orc
  3732 | D:5      | Killed Blork the orc
  3733 | D:5      | Reached skill level 5 in Maces & Flails
  3740 | D:5      | Reached skill level 5 in Armour
  3763 | D:5      | HP: 2/44 [centaur/arrow (4)]
  3764 | D:5      | Shot with an arrow by a centaur

Illustrated notes

Levels and vault maps discovered:
D:1:      psy_arrival_fountain, layout_rooms, basic_ecumenical_altar
D:2:      layout_loops_ring
D:3:      layout_loops_ring, uniq_grinder
D:4:      layout_rooms, nicolae_sif_muna_little_library, kennysheep_nub
D:5:      layout_basic, temple_pool_b, serial_shops, shop_statue,
          nicolae_shop_hallway_stairs, nicolae_shop_behind_doors, shop,
          nicolae_shop_crystal, enter_ossuary_3, uniq_blork_the_orc

Skill      XL: |  1  2  3  4  5  6  7 |
---------------+----------------------+-----
Armour         | 3 4 5 |  5.0
Dodging        | 2 |  2.8
Fighting       | 4 5 |  5.5
Maces & Flails | 4 5 |  5.1

Action                   |  1- 3 |  4- 6 |  7- 9 || total
-------------------------+-------+-------+-------++-------
Melee: Mace              |    41 |       |       ||    41
       Flail             |    55 |    62 |    13 ||   130
       Whip              |       |    52 |       ||    52
       Punch             |       |     2 |       ||     2
Invok: Berserk           |     1 |       |       ||     1
       Trog's Hand       |       |       |     1 ||     1
  Use: Scroll            |       |     6 |       ||     6
Armor: Animal skin       |    11 |       |       ||    11
       Ring mail         |    53 |    38 |       ||    91
       Scale mail        |       |    25 |     6 ||    31
Dodge: Dodged            |    80 |    55 |     8 ||   143

Table legend: (Time is in decaauts)
 A = Elapsed time spent in this place.
 B = Non-inter-level travel time spent in this place.
 C = Inter-level travel time spent in this place.
 D = Time resting spent in this place.
 E = Time spent auto-exploring this place.
 F = Levels seen in this place.
 G = Mean time per level.
                   A        B        C        D        E       F      G
               +--------+--------+--------+--------+--------+-----+--------+
         Total |   3804 |   3734 |     70 |     56 |   3030 |   5 |  760.8 |
       Dungeon |   3804 |   3734 |     70 |     56 |   3030 |   5 |  760.8 |
               +--------+--------+--------+--------+--------+-----+--------+

Top non-repeatable levels by time:
     D:3: 1011 daAuts
     D:1: 962 daAuts
     D:4: 879 daAuts
     D:2: 706 daAuts
     D:5: 245 daAuts
